 Dungeon Crawl Stone Soup version 0.24.0-13-gcf9b3192b9 (webtiles) character file.

Game seed: 302586415329873640, levelgen mode: deterministic

4 Monsterracer the Insei (level 1, -2/13 HPs)
             Began as a Halfling Transmuter on Nov 6, 2019.
             Slain by a kobold
             ... wielding a +0 short sword
              (3 damage)
             ... on level 1 of the Dungeon.
             The game lasted 00:00:35 (388 turns).

Monsterracer the Insei (Halfling Transmuter)         Turns: 388, Time: 00:00:35

Health: -2/13      AC:  2    Str: 11    XL:     1   Next: 66%
Magic:  2/3        EV: 15    Int: 11    God:
Gold:   7          SH:  0    Dex: 14    Spells: 2/3 levels left

rFire    . . .     SeeInvis .   d - +0 short sword
rCold    . . .     Gourm    .   (shield restricted)
rNeg     . . .     Faith    .   b - +0 robe
rPois    .         Spirit   .   (no helmet)
rElec    .         Reflect  .   (no cloak)
rCorr    .         Harm     .   (no gloves)
MR       .....                  (no boots)
Stlth    +.........             (no amulet)
HPRegen  0.04/turn              (no ring)
MPRegen  0.08/turn              (no ring)

@: appendage (expiring)
A: small, horns 2, mutation resistance 1
a: End Transformation


You were on level 1 of the Dungeon.
You were not hungry.
You had grown temporary horns.
You visited 1 branch of the dungeon, and saw 1 of its levels.

You collected 7 gold pieces.

Inventory:

Hand Weapons
 d - a +0 short sword (weapon)
   (You took it off a kobold on level 1 of the Dungeon)
Missiles
 a - 12 arrows
Armour
 b - a +0 robe (worn)
Potions
 e - a potion of ambrosia {unknown}
Comestibles
 c - a ration


   Skills:
 - Level 1.0 Fighting
 + Level 0.8 Short Blades
 - Level 2.1 Dodging
 - Level 2.5 Unarmed Combat
 - Level 1.5 Spellcasting
 - Level 1.2 Transmutations


You had 2 spell levels left.
You knew the following spells:

 Your Spells              Type           Power        Failure   Level  Hunger
j - Beastly Appendage     Tmut           #.....       19%         1    ##.....

Your spell library contained the following spells:

 Spells                   Type           Power        Failure   Level  Hunger
 Sticks to Snakes         Tmut           #.......     28%         2    ###....
 Spider Form              Tmut/Pois      #.........   56%         3    ####...
 Ice Form                 Ice/Tmut       #.......     93%         4    #####..
 Blade Hands              Tmut           #.........   99%         5    ######.


Dungeon Overview and Level Annotations

Branches:
Dungeon (1/15)

Altars:


Innate Abilities, Weirdness & Mutations

You are small and have problems with some larger weapons.
You are somewhat resistant to further mutation.
You have a pair of horns on your head.


Message History

Unknown command.
Unknown command.
Unknown command.
Unknown command.
Unknown command.
Unknown command.
Unknown command.
Unknown command.
The bat misses you.
Unknown command.
Unknown command.
Unknown command.
Unknown command.
Unknown command.
Your horns disappear.
The bat barely misses you. The bat misses you.
The bat hits you but does no damage.
There is an open door, spattered with blood here.
Items here: ( )) รท a +0 club; a +0 short sword; a stone; a kobold skeleton
d - a +0 short sword The bat misses you.
d - a +0 short sword (weapon)
The bat hits you but does no damage.
You hit the bat.
The bat is heavily wounded.
The bat hits you.
Your magical contamination has completely faded away.
You barely miss the bat.
The bat is heavily wounded.
The bat misses you. The bat barely misses you.
The bat hits you but does no damage. The bat closely misses you.
The bat closely misses you.
You barely miss the bat.
The bat is moderately wounded.
The bat barely misses you. The bat hits you. The bat barely misses you.
The bat hits you but does no damage.
You hit the bat.
You kill the bat!
No target in view!
No target in view!
You open the door.
A rat comes into view.
Found a purple potion.
There is an open door here.
A rat is nearby!
You barely miss the rat. The rat completely misses you.
You hit the rat. Your punch misses the rat.
The rat is severely wounded.
The rat closely misses you.
You closely miss the rat.
The rat is severely wounded.
The rat bites you.
A rat is nearby!
You hit the rat.
You kill the rat!
Key pressed, stopping explore.
No target in view!
You see here a rat corpse.
e - a purple potion A kobold comes into view.
It is wielding a +0 short sword.
The kobold shouts!
A kobold is nearby!
The kobold throws a stone.
The stone misses you.
The kobold throws a stone.
The stone hits you but does no damage.
You see here a stone.
The kobold throws a stone.
The stone closely misses you.
You see here a stone.
The kobold throws a stone.
The stone closely misses you.
Casting: Beastly Appendage (safe; 19% risk of failure)
Confirm with . or Enter, or press ? or * to list all spells.
You grow a pair of large bovine horns.
Your transformation is almost over.
The kobold throws a stone.
The stone hits you but does no damage. The kobold hits you but does no damage.
You closely miss the kobold. Your headbutt misses the kobold.
The kobold hits you with a +0 short sword.
You hit the kobold.
The kobold is severely wounded.
The kobold hits you with a +0 short sword.
You are too injured to fight recklessly!
You are too injured to fight recklessly!
You are too injured to fight recklessly!
You barely miss the kobold.
The kobold is severely wounded.
The kobold closely misses you.
You hit the kobold but do no damage.
The kobold is heavily wounded.
The kobold hits you with a +0 short sword.
* * * LOW HITPOINT WARNING * * *
You barely miss the kobold.
The kobold is heavily wounded.
The kobold misses you.
You barely miss the kobold.
The kobold is heavily wounded.
The kobold hits you with a +0 short sword.
You die...

#..#####..##......#
..........###....##
#..####..(####''##
..###................
.....................
#.###..(##.####.####.
#.....#(.#.####.#
#####..(.........
##@###.####.## #K# .#
#.# # ..# ###


You could see a kobold.

Vanquished Creatures
  A bat (D:1)
  2 kobolds (D:1)
  A rat (D:1)
4 creatures vanquished.

Notes
Turn   | Place    | Note
-------+----------+-------------------------------------------
     0 | D:1      | Monsterracer the Halfling Transmuter began the quest for
                  | the Orb.
     0 | D:1      | Reached XP level 1. HP: 12/12 MP: 3/3
     2 | D:1      | HP: 6/12 [kobold/+0 short sword (6)]
     8 | D:1      | HP: 3/12 [kobold/+0 short sword (3)]
    12 | D:1      | Reached skill level 1 in Fighting
   386 | D:1      | HP: 1/13 [kobold/+0 short sword (6)]
   388 | D:1      | Slain by a kobold

Levels and vault maps discovered:
D:1:      dpeg_arrival_refuge, layout_loops_ring, minmay_tree_intersection

Skill      XL: |  1 |
---------------+----+-----
Fighting       | 1 |  1.0
Short Blades   | |  0.8
Dodging        | |  2.1
Unarmed Combat | |  2.5
Spellcasting   | |  1.5
Transmutations | |  1.2

Action                   || total
-------------------------++-------
Melee: Unarmed           ||    16
       Short sword       ||    14
       Kick              ||     1
 Cast: Beastly Appendage ||     3
Armor: Robe              ||    11
Dodge: Dodged            ||    38
